 Dungeon Crawl Stone Soup version 0.22-a0-402-ga933591 (webtiles) character file.

5024 Ijustatesigmund the Cleaver (level 10, -4/81 HPs)
             Began as an Octopode Fighter on May 5, 2018.
             Was a Believer of the Shining One.
             Slain by a two-headed ogre
             ... wielding a +0 giant club
              (24 damage)
             ... on level 9 of the Dungeon on May 7, 2018.
             The game lasted 00:20:55 (7202 turns).

Ijustatesigmund the Cleaver (Octopode Fighter)      Turns: 7202, Time: 00:20:57

Health: -4/81      AC:  7    Str: 14    XL:     10   Next: 55%
Magic:  15/16      EV: 12    Int: 11    God:    the Shining One [**....]
Gold:   341        SH: 23    Dex: 14    Spells: 9/9 levels left

rFire    . . .     SeeInvis .   a - +1 war axe
rCold    . . .     Gourm    .   b - +2 shield
rNeg     + . .     Faith    .   m - +0 hat {MR+}
rPois    .         Spirit   .   v - +3 amulet of reflection
rElec    .         Reflect  +   f - +4 ring of protection
rCorr    .         Harm     .   (no ring)
MR       ++...                  (no ring)
Stlth    +.........             (no ring)
HPRegen  0.23/turn              (no ring)
MPRegen  0.15/turn              (no ring)
                                (no ring)
                                (no ring)

@: divine shield, glowing
A: almost no armour, stealthy swim, amphibious, 8 rings, constrict 8, slimy
green scales 1, camouflage 1, magic resistance 1, robust 1, weak 1, gelatinous
body 1
a: Divine Shield, Renounce Religion


You were on level 9 of the Dungeon.
You worshipped the Shining One.
The Shining One was pleased with you.
You were not hungry.

You visited 2 branches of the dungeon, and saw 10 of its levels.

You collected 516 gold pieces.
You spent 175 gold pieces at shops.

Inventory:

Hand Weapons
 a - a +1 war axe (weapon)
Missiles
 e - 7 javelins (quivered)
Armour
 b - a +2 shield (worn)
 m - a +0 hat of magic resistance (worn)
Jewellery
 f - a +4 ring of protection (left tentacle)
 v - a +3 amulet of reflection (around mantle)
Wands
 h - a wand of polymorph (11)
 o - a wand of flame (12)
 z - a wand of acid (7)
 B - a wand of digging (11)
Scrolls
 q - 3 scrolls of remove curse
 s - 6 scrolls of amnesia
Potions
 c - 3 potions of might
 g - a potion of haste
 i - a potion of magic
 j - 3 potions of heal wounds
 k - 9 potions of curing
 l - a potion of ambrosia
 n - a potion of agility
 r - 5 potions of brilliance
 t - a potion of resistance
 u - a potion of lignification
 w - a potion of invisibility
 A - a potion of flight
 C - a potion of mutation
 D - a potion of cancellation {unknown}
Comestibles
 d - 12 rations


   Skills:
 + Level 9.0 Fighting
 + Level 10.3 Axes
 - Level 3.0 Dodging
 - Level 3.0 Shields
 + Level 8.4 Invocations


You had 9 spell levels left.
You didn't know any spells.

Dungeon Overview and Level Annotations

Branches:
Dungeon (9/15)             Temple (1/1) D:4
   Lair: D:8-11         Orc: D:9-12

Altars:
Dithmenos
Elyvilon
Fedhas
Hepliaklqana
Ru
Sif Muna
Vehumet
Zin
The Shining One

Shops:
D:6 [


Innate Abilities, Weirdness & Mutations

You cannot wear most types of armour.
You are very stealthy in the water. (Stealth+)
You are amphibious.
You can wear up to eight rings at the same time.
You can use your tentacles to constrict eight enemies at once.
Your skin changes colour to match your surroundings (Stealth+).
Your rubbery body absorbs attacks. (AC +1, EV +1)
You are partially covered in slimy green scales. (AC +2)
You are resistant to hostile enchantments. (MR+)
You are robust. (+10% HP)
You are weak. (Str -2)


Message History

You block the two-headed ogre's attack.
You hit the two-headed ogre.
The two-headed ogre is heavily wounded.
The two-headed ogre hits you with a giant club!!
* * * LOW HITPOINT WARNING * * *
You block the two-headed ogre's attack.
You slash the two-headed ogre! You squeeze the two-headed ogre.
The two-headed ogre is almost dead.
Okay, then.
Evoke which item? (* to show all) (? for menu, Esc to quit)
Aiming: Corrosive Bolt
Press: ? - help, Shift-Dir - straight line, f - two-headed ogre
Aim: a two-headed ogre, wielding two giant clubs (almost dead, covered in acid, haloed)
The bolt of acid misses the two-headed ogre.
The bolt of acid hits the scorpion.
The scorpion is splashed with acid.
The acid corrodes the scorpion!
The scorpion is almost dead.
You block the two-headed ogre's attack.
The two-headed ogre hits you with a giant club!!
You die...

#.............# .o
#.............#
.O.################.##
#.oY....# ###.>..>.#
#Y..Y..# #...######
#..###.#######
#..##........#
..#+#).##........#
..).....sO@..).....#
...+....###........#
###### #........#
#........# #[.......#
#........# #####.####
..


You could see a two-headed ogre and a scorpion.

Vanquished Creatures
  A two-headed ogre (D:8)
  A centaur zombie (D:7)
  Joseph (D:7)
  A hippogriff (D:8)
  Sigmund (D:6)
  Eustachio (D:4)
  5 yaks
  A water moccasin (D:6)
  2 ice beasts
  2 phantoms
  4 centaurs
  2 ogres
  2 bullfrogs
  A water moccasin skeleton (D:5)
  5 scorpions
  A wyvern skeleton (D:6)
  2 howler monkeys (D:7)
  A crimson imp (D:5)
  A bullfrog zombie (D:5)
  2 jellies
  6 orc priests
  2 iguanas
  4 orc wizards
  Jessica (D:2)
  2 bullfrog skeletons
  Ijyb (D:2)
  Natasha (thrice) (D:2)
  2 worker ants
  A hound skeleton (D:9)
  A mummy (D:5)
  2 worker ant zombies
  8 adders
  2 shadow imps
  An adder skeleton (D:5)
  An adder zombie (D:8)
  5 worms
  4 dart slugs (D:1)
  5 leopard geckos
  24 orcs
  2 ball pythons
  7 bats
  6 giant cockroaches
  11 goblins
  9 hobgoblins
  2 jackals (D:5)
  A quokka (D:7)
  5 frilled lizards
  A jackal skeleton (D:8)
  6 kobolds
  2 kobold zombies (D:5)
  A leopard gecko skeleton (D:4)
  2 orc zombies (D:5)
  5 rats
172 creatures vanquished.

Vanquished Creatures (others)
  A centaur (D:6)
  A quokka (D:6)
2 creatures vanquished.

Grand Total: 174 creatures vanquished

Notes
Turn   | Place    | Note
-------+----------+-------------------------------------------
     0 | D:1      | Ijustatesigmund the Octopode Fighter began the quest for the Orb.
     0 | D:1      | Reached XP level 1. HP: 16/16 MP: 1/1
    45 | D:1      | Reached XP level 2. HP: 18/21 MP: 2/2
    91 | D:1      | Reached skill level 3 in Axes
   251 | D:1      | Reached XP level 3. HP: 25/26 MP: 3/3
   776 | D:2      | Reached skill level 4 in Axes
   814 | D:2      | Noticed Ijyb
   823 | D:2      | Reached XP level 4. HP: 21/31 MP: 4/4
   830 | D:2      | Killed Ijyb
   934 | D:2      | Noticed Jessica
   941 | D:2      | Killed Jessica
   941 | D:2      | Reached skill level 5 in Axes
   941 | D:2      | Reached XP level 5. HP: 35/36 MP: 5/5
  1047 | D:2      | Noticed Natasha
  1054 | D:2      | Killed Natasha
  1139 | D:2      | Noticed Natasha
  1238 | D:2      | Killed Natasha
  1256 | D:2      | Noticed Natasha
  1260 | D:2      | Killed Natasha
  1260 | D:2      | Reached skill level 6 in Axes
  1267 | D:2      | Gained mutation: You are resistant to hostile enchantments. (MR+) [potion of mutation]
  1267 | D:2      | Gained mutation: You are weak. (Str -2) [potion of mutation]
  1267 | D:2      | Gained mutation: You are robust. (+10% HP) [potion of mutation]
  1267 | D:2      | Gained mutation: You are partially covered in slimy green scales. (AC +2) [potion of mutation]
  1409 | D:3      | Reached XP level 6. HP: 45/46 MP: 6/6
  1721 | D:3      | Found a shadowy altar of Dithmenos.
  2682 | D:4      | Reached XP level 7. HP: 40/52 MP: 7/7
  2786 | D:4      | Found a staircase to the Ecumenical Temple.
  2798 | Temple   | Entered the Ecumenical Temple
  2806 | Temple   | Became a worshipper of the Shining One
  2926 | D:4      | Noticed Eustachio
  2932 | D:4      | Killed Eustachio
  2932 | D:4      | Reached skill level 7 in Axes
  2932 | D:4      | Reached skill level 1 in Invocations
  3012 | D:5      | Entered Level 5 of the Dungeon
  3019 | D:5      | Reached skill level 5 in Fighting
  3065 | D:5      | Reached XP level 8. HP: 59/60 MP: 9/9
  3480 | D:5      | Reached * piety under the Shining One
  3972 | D:6      | Reached skill level 8 in Axes
  4070 | D:6      | Found a hazy altar of Hepliaklqana.
  4208 | D:6      | Noticed Sigmund
  4219 | D:6      | Killed Sigmund
  4219 | D:6      | Reached skill level 5 in Invocations
  4219 | D:6      | Reached XP level 9. HP: 58/69 MP: 12/12
  4359 | D:6      | Found Jeuja's Antique Armour Emporium.
  4368 | D:6      | Bought a glowing hat for 175 gold pieces
  4530 | D:7      | Found a sacrificial altar of Ru.
  4636 | D:7      | Noticed Joseph
  4828 | D:7      | Killed Joseph
  4828 | D:7      | Reached skill level 9 in Axes
  5530 | D:7      | Found a glowing silver altar of Zin.
  5534 | D:7      | Found a blossoming altar of Fedhas.
  5999 | D:8      | Reached ** piety under the Shining One
  6060 | D:8      | Noticed a two-headed ogre
  6065 | D:8      | Killed a two-headed ogre
  6065 | D:8      | Reached XP level 10. HP: 80/80 MP: 15/15
  6084 | D:8      | Found a white marble altar of Elyvilon.
  6125 | D:8      | Reached skill level 10 in Axes
  6154 | D:8      | Found a radiant altar of Vehumet.
  6413 | D:8      | Upgraded the game from 0.22-a0-398-g8bb545f to 0.22-a0-402-ga933591
  7183 | D:9      | Noticed a two-headed ogre
  7202 | D:9      | Slain by a two-headed ogre

Vault maps used:
D:1:      nzn_arrival_depleted_hourglass, st_stairs_7, interstate_on_off
D:2:      kennysheep_the_goblin_king, first_ration, minmay_hexomino_c4,
          uniq_natasha, uniq_jessica
D:3:      nicolae_overflow_crystal_walls, kennysheep_flooded_box
D:4:      lemuel_upstairs_altar, minmay_temple_entry_statues_pillars,
          minmay_misc_feat_square, uniq_eustachio
D:5:      minmay_mini_ossuary
D:6:      kennysheep_little_box, serial_shops, shop, uniq_sigmund
D:7:      nicolae_ru_great_annihilating_truth, grunt_temple_overflow_open,
          uniq_joseph
D:8:      elyvilon_altar_3, basic_altar, serial_glass, glass_columns_a,
          glass_columns_c
D:9:      fiery_altar_vehumet, tgw_trog, serial_shops, kennysheep_mini_moat,
          shop, shop, shop, shop, basic_altar, hangedman_ranch,
          kennysheep_island_fort
Temple:   dpeg_chambers_temple

Skill      XL: |  1  2  3  4  5  6  7  8  9 10 |
---------------+-------------------------------+-----
Axes           | 3 4 5 6 7 8 9 10 | 10.3
Fighting       | 4 5 6 8 9 |  9.0
Invocations    | 2 5 7 8 |  8.4
Dodging        | |  3.0
Shields        | |  3.0

Action                   |  1- 3 |  4- 6 |  7- 9 | 10-12 || total
-------------------------+-------+-------+-------+-------++-------
Melee: War axe           |    60 |   119 |   181 |    71 ||   431
       Constrict         |    18 |    31 |    33 |    12 ||    94
       Tentacles         |     7 |    25 |    37 |    17 ||    86
Throw: Javelin           |       |     1 |     9 |       ||    10
Invok: Divine Shield     |       |       |       |     2 ||     2
Evoke: Wand              |       |     2 |     2 |     3 ||     7
  Use: Scroll            |     4 |     9 |     6 |     3 ||    22
       Potion            |       |     3 |     1 |     1 ||     5
 Stab: Sleeping          |     4 |     8 |       |       ||    12
  Eat: Chunk             |       |     6 |     7 |     1 ||    14
       Ration            |       |       |     1 |     1 ||     2
Armor: Skin              |     9 |    26 |    29 |    11 ||    75
Dodge: Dodged            |    24 |    49 |    58 |    30 ||   161
Block: Shield            |    27 |    46 |    88 |    56 ||   217
       Reflection        |       |       |     9 |       ||     9

Table legend:
 A = Spawn XP
 B = Non-spawn XP
 C = Spawn XP percentage of total XP
 D = Spawn monster count
 E = Non-spawn monster count
 F = Spawn count percentage of total count
 G = Total turns spent on level
                    A         B        C        D         E        F      G
               +---------+---------+-------+---------+---------+-------+---------
         Total |       0 |    7178 |   0.0 |       0 |     174 |   0.0 |  7202
               +---------+---------+-------+---------+---------+-------+---------
           D:1 |       0 |      41 |   0.0 |       0 |      19 |   0.0 |   499
           D:2 |       0 |     270 |   0.0 |       0 |      34 |   0.0 |   889
           D:3 |       0 |      49 |   0.0 |       0 |      12 |   0.0 |   847
           D:4 |       0 |     590 |   0.0 |       0 |      29 |   0.0 |   760
           D:5 |       0 |     514 |   0.0 |       0 |      18 |   0.0 |   601
           D:6 |       0 |    1099 |   0.0 |       0 |      16 |   0.0 |  1464
           D:7 |       0 |    1601 |   0.0 |       0 |      21 |   0.0 |   884
           D:8 |       0 |    2116 |   0.0 |       0 |      16 |   0.0 |  1046
           D:9 |       0 |     898 |   0.0 |       0 |       9 |   0.0 |   195
               +---------+---------+-------+---------+---------+-------+---------
